 Dungeon Crawl Stone Soup version 0.26-a0-952-g76694b35de (webtiles) character file.

Game seed: 10204937676185141619

49 sokol815 the Bolt Thrower (level 4, -2/26 HPs)
             Began as a Kobold Hunter on Nov 30, 2020.
             Slain by Grinder (5 damage)
             ... on level 3 of the Dungeon.
             The game lasted 00:06:37 (1824 turns).

sokol815 the Bolt Thrower (Kobold Hunter)           Turns: 1824, Time: 00:06:38

Health: -2/26      AC:  9    Str:  9    XL:     4   Next: 1%
Magic:  4/4        EV:  6    Int: 12    God:
Gold:   143        SH:  0    Dex: 16    Spells: 3/3 levels left

rFire    . . .     SeeInvis .   a - +3 dagger
rCold    . . .     Faith    .   (shield restricted)
rNeg     . . .     Spirit   .   m - +0 chain mail
rPois    .         Reflect  .   (no helmet)
rElec    .         Harm     .   (no cloak)
rCorr    .         Rampage  .   i - +0 pair of gloves
MR       +....     Rnd*Tele +   (no boots)
Stlth    ..........             (no amulet)
HPRegen  0.08/turn              e - ring of teleportation (curse)
MPRegen  0.09/turn              p - ring of protection from magic

@: hasted, very quick
A: small, nightstalker 3
a: no special abilities


You were on level 3 of the Dungeon.
You visited 1 branch of the dungeon, and saw 3 of its levels.

You collected 143 gold pieces.

Inventory:

Hand Weapons
 a - a +3 dagger (weapon)
 c - a +2 hand crossbow
Missiles
 d - 57 bolts
 g - 113 stones (quivered)
 l - 50 poisoned darts
Armour
 i - a +0 pair of gloves (worn)
 m - a +0 chain mail (worn)
Jewellery
 e - a cursed ring of teleportation (left hand)
 f - a +4 ring of slaying
 p - a ring of protection from magic (right hand)
Scrolls
 j - a scroll of identify
Potions
 h - 3 potions of haste
 k - a potion of mutation {unknown}
 n - a potion of ambrosia
 o - a potion of curing {unknown}


   Skills:
 - Level 2.1 Fighting
 * Level 3.1 Short Blades
 + Level 5.1 Crossbows
 - Level 2.4 Dodging
 + Level 2.7 Stealth


You had 3 spell levels left.
You didn't know any spells.
Your spell library was empty.

Dungeon Overview and Level Annotations

Branches:
Dungeon (3/15)

Altars:
Trog
Vehumet

Annotations:
D:3 Grinder


Innate Abilities, Weirdness & Mutations

You are small and have problems with some larger weapons.
You are completely attuned to the shadows.


Message History

Grinder hits you but does no damage.
Your chain mail prevents you from hitting Grinder.
Grinder is heavily wounded.
You hit Grinder.
Grinder is heavily wounded.
Grinder hits you but does no damage.
You closely miss Grinder.
Grinder is heavily wounded.
You hit Grinder.
Grinder is heavily wounded.
Grinder barely misses you.
You hit Grinder.
Grinder is severely wounded.
You hit Grinder but do no damage.
Grinder is severely wounded.
Grinder says, "Are you a fish?" Grinder hits you!
* * * LOW HITPOINT WARNING * * *
You writhe in agony.
You die...

......#
#........#
......#
########.#
†[#...# #.#
.###..##
#.#
..#....#
#.#
_....#.#
#.#
..#..#.#
#.#
.###.#.###
####.#
..#........
....@#
.....#.####
###[.5..#
....)..#
#..###.
..######
#... .##
##.# ## # #
#


You could see Grinder.

Vanquished Creatures
  2 dart slugs
  2 leopard geckos (D:1)
  4 giant cockroaches
  3 goblins
  6 hobgoblins (D:1)
  3 jackals (D:3)
  5 kobolds
  A quokka (D:2)
  7 bats
  2 frilled lizards
  2 rats
37 creatures vanquished.

Notes
Turn   | Place    | Note
-------+----------+-------------------------------------------
     0 | D:1      | sokol815 the Kobold Hunter began the quest for the Orb.
     0 | D:1      | Reached XP level 1. HP: 12/12 MP: 1/1
    47 | D:1      | Reached skill level 1 in Short Blades
   183 | D:1      | Reached XP level 2. HP: 17/17 MP: 2/2
   456 | D:1      | Reached XP level 3. HP: 13/21 MP: 3/3
   592 | D:1      | Reached skill level 5 in Crossbows
  1480 | D:2      | Found a bloodstained altar of Trog.
  1662 | D:3      | Found a radiant altar of Vehumet.
  1674 | D:3      | Reached XP level 4. HP: 23/26 MP: 4/4
  1787 | D:3      | Noticed Grinder
  1791 | D:3      | Paralysed by Grinder for 7 turns
  1824 | D:3      | Slain by Grinder

Illustrated notes

Levels and vault maps discovered:
D:1:      wander_arrival_lonely_grave, layout_rooms
D:2:      layout_loops_ring, marbit_many_paths, minmay_misc_feat_five
D:3:      layout_loops_ring, old_standard_altar, vehumet_crystals,
          gammafunk_ghost_necromancy, minmay_fountain_box, grunt_qazlal_clouds,
          uniq_grinder

Skill      XL: |  1  2  3 |
---------------+----------+-----
Short Blades   | 1 2 3 |  3.1
Stealth        | 2 |  2.7
Crossbows      | 5 |  5.1
Fighting       | |  2.1
Dodging        | |  2.4

Action                   |  1- 3 |  4- 6 || total
-------------------------+-------+-------++-------
Melee: Short sword       |    49 |       ||    49
       Dagger            |       |    17 ||    17
 Fire: Hand crossbow     |    26 |       ||    26
  Use: Scroll            |     4 |       ||     4
       Potion            |       |     2 ||     2
 Stab: Sleeping          |     2 |       ||     2
Armor: Leather armour    |     5 |       ||     5
       Chain mail        |    21 |     4 ||    25
Dodge: Dodged            |    23 |     1 ||    24

Table legend: (Time is in decaauts)
 A = Elapsed time spent in this place.
 B = Non-inter-level travel time spent in this place.
 C = Inter-level travel time spent in this place.
 D = Time resting spent in this place.
 E = Time spent auto-exploring this place.
 F = Levels seen in this place.
 G = Mean time per level.
                   A        B        C        D        E       F      G
               +--------+--------+--------+--------+--------+-----+--------+
         Total |   1809 |   1737 |     72 |    316 |   1114 |   3 |  603.0 |
       Dungeon |   1809 |   1737 |     72 |    316 |   1114 |   3 |  603.0 |
               +--------+--------+--------+--------+--------+-----+--------+

Top non-repeatable levels by time:
     D:1: 935 daAuts
     D:2: 695 daAuts
     D:3: 178 daAuts
